 Dungeon Crawl Stone Soup version 0.25-a0-420-g1cc7eeb0d1 (webtiles) character file.

Game seed: 4713599701839752748, levelgen mode: deterministic

6712 DerDa the Thaumaturge (level 11, -4/61 HPs)
             Began as an Octopode Fire Elementalist on Jan 19, 2020.
             Was an Initiate of Sif Muna.
             Slain by a killer bee (5 damage)
             ... on level 10 of the Dungeon.
             The game lasted 00:30:25 (9843 turns).

DerDa the Thaumaturge (Octopode Fire Elementalist)  Turns: 9843, Time: 00:30:26

Health: -4/61      AC:  4    Str: 10    XL:     11   Next: 3%
Magic:  17/25      EV: 19    Int: 22    God:    Sif Muna [......]
Gold:   251        SH:  0    Dex: 12    Spells: 18/31 levels left

rFire    + . .     SeeInvis .   I - +4 falchion (holy)
rCold    . . .     Gourm    .   (no shield)
rNeg     . . .     Faith    .   (helmet restricted)
rPois    .         Spirit   .   a - amulet of the acrobat
rElec    .         Reflect  .   t - +3 ring of strength
rCorr    .         Harm     .   n - +3 ring of protection
MR       .....                  D - +6 ring of evasion
Stlth    +++.......             E - ring of protection from fire
HPRegen  0.20/turn              (no ring)
MPRegen  0.19/turn              (no ring)
                                (no ring)
                                (no ring)

@: no status effects
A: almost no armour, stealthy swim, amphibious, 8 rings, constrict 8, camouflage
1, gelatinous body 1
a: Renounce Religion


You were on level 10 of the Dungeon.
You worshipped Sif Muna.
Sif Muna was noncommittal.
You were not hungry.

You visited 2 branches of the dungeon, and saw 11 of its levels.

You collected 497 gold pieces.
You spent 246 gold pieces at shops.

Inventory:

Hand Weapons
 u - a +0 scimitar of flaming
 x - a +0 hunting sling
 B - a +1 shortbow of flaming
 I - a +4 falchion of holy wrath (weapon)
Missiles
 e - 11 poisoned darts (quivered)
 f - 10 javelins
 j - 347 stones
 l - 102 bolts
 y - 78 sling bullets
 F - 80 arrows
Magical Staves
 C - an uncursed staff of air
Jewellery
 a - an amulet of the acrobat (around mantle)
 n - a +3 ring of protection (right tentacle)
 t - a +3 ring of strength (left tentacle)
 D - a +6 ring of evasion (on tentacle)
 E - a ring of protection from fire (on tentacle)
 N - an uncursed ring of wizardry {unknown}
Wands
 q - a wand of enslavement (10)
 H - a wand of iceblast (25)
 L - a wand of flame (12)
Scrolls
 d - 8 scrolls of remove curse
 g - a scroll of fear
 h - 3 scrolls of fog
 m - 3 scrolls of amnesia
 o - 11 scrolls of teleportation
 r - a scroll of enchant armour
 s - a scroll of vulnerability {unknown}
 v - a scroll of immolation
 J - 2 scrolls of magic mapping
 O - a scroll of identify
Potions
 c - a potion of berserk rage
 i - a potion of haste
 k - 2 potions of lignification
 p - 3 potions of curing
 w - a potion of cancellation {unknown}
 z - 10 potions of degeneration {unknown}
 A - 5 potions of ambrosia {unknown}
 G - a potion of resistance {unknown}
 K - a potion of magic {unknown}
 M - a potion of flight {unknown}
Comestibles
 b - 19 rations
 P - 10 chunks of flesh


   Skills:
 - Level 2.0 Dodging
 - Level 2.6 Stealth
 * Level 10.8 Spellcasting
 + Level 8.3 Conjurations
 + Level 8.9 Fire Magic


You had 18 spell levels left.
You knew the following spells:

 Your Spells              Type           Power        Failure   Level  Hunger
a - Foxfire               Conj/Fire      ####         1%          1    None
b - Conjure Flame         Conj/Fire      #####...     1%          3    None
c - Sticky Flame          Conj/Fire      #####...     1%          4    #......
d - Fireball              Conj/Fire      #####.....   4%          5    ####...

Your spell library contained the following spells:

 Spells                   Type           Power        Failure   Level  Hunger
 Inner Flame              Hex/Fire       ####....     2%          3    None
 Freeze                   Ice            ##..         5%          1    None
 Hailstorm                Conj/Ice       ####....     10%         4    #......
 Confusing Touch          Hex            ##......     17%         3    None
 Gell's Gravitas          Tloc           ##........   17%         3    None
 Ozocubu's Armour         Chrm/Ice       ##......     17%         3    None
 Petrify                  Tmut/Erth      ##......     50%         4    #......
 Summon Ice Beast         Ice/Summ       ##......     50%         4    #......
 Metabolic Englaciation   Hex/Ice        ##........   83%         5    ####...
 Yara's Violent Unravell  Hex/Tmut       ##........   83%         5    ####...


Dungeon Overview and Level Annotations

Branches:
Dungeon (10/15)            Temple (1/1) D:4            Lair (0/6) D:8
    Orc (0/2) D:9

Altars:
Ashenzari
Cheibriados
Dithmenos
Elyvilon
Fedhas
Gozag
Hepliaklqana
Kikubaaqudgha
Makhleb
Nemelex Xobeh
Okawaru
Qazlal
Ru
Sif Muna
Trog
Uskayaw
Vehumet
Wu Jian
Xom
Yredelemnul
Zin
The Shining One
Beogh

Shops:
D:10 (

Annotations:
D:6 ReteAZ's ghost, novice MiMo


Innate Abilities, Weirdness & Mutations

You cannot wear most types of armour.
You are very stealthy in the water. (Stealth+)
You are amphibious.
You can wear up to eight rings at the same time.
You can use your tentacles to constrict eight enemies at once.
Your skin changes colour to match your surroundings (Stealth+).
Your rubbery body absorbs attacks. (AC +1, EV +1)


Message History

The killer bee closely misses you.
You riposte.
You hit the killer bee. Your grab misses the killer bee.
The killer bee is moderately wounded.
Casting: Foxfire (safe; 1% risk of failure)
Confirm with . or Enter, or press ? or * to list all spells.
Nothing appears to happen.
You constrict the vampire mosquito.
The foxfire hits the killer bee!
The killer bee is heavily wounded.
The foxfire hits the killer bee.
The killer bee is heavily wounded.
The killer bee misses you.
You riposte.
You closely miss the killer bee. You grab the killer bee.
The killer bee closely misses you.
You riposte.
You miss the killer bee. You grab the killer bee.
The killer bee is heavily wounded.
The vampire mosquito bites you!
* * * LOW HITPOINT WARNING * * *
The vampire mosquito draws strength from your injuries!
The vampire mosquito completely misses you.
The killer bee stings you.
You die...

..........#....#
........#....#.#
.......#....#.# .
#.....#....+.#####..
#.....#....#?.......
+.....#....#........
#.....'....#y.......
#.....######yy...#
#...........@y...#
#####...........yy...#
......).....#####....#
............'...#....#
...........†#...#......
..###+###...#...#..#####
..# #...# ..+..# ..#
#...# ..#..# ..# #...#


You could see 2 vampire mosquitoes and 4 killer bees.

Vanquished Creatures
  Erica (D:8)
  A komodo dragon (D:8)
  Grinder (D:4)
  A wyvern (D:8)
  12 yaks (D:9)
  A hungry ghost (D:8)
  A black bear (D:9)
  5 orc warriors
  An ice beast (D:8)
  A sky beast (D:8)
  2 ogres
  4 centaurs
  A big kobold (D:8)
  5 bullfrogs
  A wyvern skeleton (D:8)
  2 scorpions (D:7)
  7 killer bees
  4 wights (D:9)
  2 howler monkeys
  A bullfrog zombie (D:6)
  4 crimson imps
  2 orc priests
  5 hounds
  2 jellies
  11 orc wizards
  A bullfrog skeleton (D:6)
  A gnoll shaman (D:9)
  Terence (D:2)
  2 iguanas
  5 worker ants
  3 hound skeletons
  9 gnolls
  6 adders
  3 shadow imps
  An ooze (D:1)
  An adder skeleton (D:7)
  4 leopard geckos
  30 orcs
  2 giant cockroaches
  7 hobgoblins
  15 jackals
  6 kobolds
  5 quokkas
  4 bats
  4 frilled lizards
  6 goblins
  A goblin skeleton (D:6)
  3 goblin zombies (D:6)
  A kobold skeleton (D:6)
  2 kobold zombies (D:6)
  A leopard gecko zombie (D:7)
  3 orc skeletons (D:6)
  3 orc zombies (D:6)
  A quokka skeleton (D:4)
  5 rats
214 creatures vanquished.

Vanquished Creatures (others)
  522 foxfires
  2 plants (D:8)
524 creatures vanquished.

Grand Total: 738 creatures vanquished

Notes
Turn   | Place    | Note
-------+----------+-------------------------------------------
     0 | D:1      | DerDa the Octopode Fire Elementalist began the quest for
                  | the Orb.
     0 | D:1      | Reached XP level 1. HP: 11/11 MP: 3/3
   145 | D:1      | Reached XP level 2. HP: 17/17 MP: 3/5
   503 | D:1      | Reached XP level 3. HP: 21/21 MP: 2/6
   716 | D:1      | HP: 1/21 [jackal (3)]
  1704 | D:2      | Reached skill level 3 in Spellcasting
  1783 | D:2      | Learned a level 3 spell: Conjure Flame
  1825 | D:2      | Reached XP level 4. HP: 25/27 MP: 4/8
  1837 | D:2      | Learned a level 4 spell: Sticky Flame
  2019 | D:2      | Noticed Terence
  2107 | D:2      | Killed Terence
  2107 | D:2      | Reached XP level 5. HP: 31/31 MP: 1/10
  2546 | D:3      | Found a shadowy altar of Dithmenos.
  3085 | D:4      | Found a staircase to the Ecumenical Temple.
  3092 | Temple   | Entered the Ecumenical Temple
  3461 | D:4      | Reached skill level 4 in Spellcasting
  3511 | D:4      | Noticed Grinder
  3540 | D:4      | Noticed an ogre
  3552 | D:4      | Killed an ogre
  3552 | D:4      | Reached XP level 6. HP: 36/36 MP: 4/12
  3576 | D:5      | Entered Level 5 of the Dungeon
  3906 | D:4      | Killed Grinder
  3906 | D:4      | Reached skill level 5 in Spellcasting
  3906 | D:4      | Reached XP level 7. HP: 19/41 MP: 5/14
  4057 | D:5      | Found a runed translucent door.
  4060 | D:5      | Noticed ReteAZ's ghost (novice MiMo)
  4255 | D:5      | Found a stormy altar of Qazlal.
  4397 | D:5      | Found a shattered altar of Ashenzari.
  4442 | D:5      | Reached skill level 5 in Fire Magic
  4633 | D:5      | Found Etwudib's Magic Scroll Shoppe.
  4638 | D:5      | Bought a scroll of identify for 24 gold pieces
  4638 | D:5      | Bought a scroll of identify for 24 gold pieces
  4638 | D:5      | Bought 2 scrolls of identify for 48 gold pieces
  4752 | D:5      | Learned a level 5 spell: Fireball
  4847 | D:6      | Reached skill level 6 in Spellcasting
  4847 | D:6      | Reached XP level 8. HP: 38/46 MP: 3/17
  4945 | D:6      | Found an iron altar of Okawaru.
  5119 | D:6      | Found a glowing golden altar of the Shining One.
  5555 | D:7      | Found a bloodstained altar of Trog.
  5588 | D:7      | Reached skill level 5 in Conjurations
  5696 | D:7      | Reached skill level 7 in Spellcasting
  5938 | D:7      | Found a hazy altar of Hepliaklqana.
  6153 | D:7      | Reached XP level 9. HP: 51/51 MP: 6/20
  6363 | D:7      | Found a stormy altar of Qazlal.
  6617 | D:5      | Bought a scroll of teleportation for 36 gold pieces
  6617 | D:5      | Bought a scroll of fear for 42 gold pieces
  6617 | D:5      | Bought a scroll of fog for 24 gold pieces
  6617 | D:5      | Bought 2 scrolls of identify for 48 gold pieces
  7053 | D:8      | Found a staircase to the Lair.
  7054 | D:8      | Noticed a komodo dragon
  7089 | D:8      | Killed a komodo dragon
  7089 | D:8      | Reached skill level 8 in Spellcasting
  7699 | D:8      | Reached skill level 9 in Spellcasting
  7738 | D:8      | Found a snail-covered altar of Cheibriados.
  7803 | D:8      | Reached XP level 10. HP: 56/56 MP: 14/23
  7906 | D:8      | Noticed Erica
  7913 | D:8      | Killed Erica
  8265 | D:8      | Found a glowing silver altar of Zin.
  8266 | D:8      | Found an opulent altar of Gozag.
  8399 | D:9      | Reached skill level 10 in Spellcasting
  8646 | D:9      | Found a staircase to the Orcish Mines.
  9068 | D:9      | Found a sparkling altar of Nemelex Xobeh.
  9083 | D:9      | Found a shimmering blue altar of Sif Muna.
  9094 | D:9      | Became a worshipper of Sif Muna the Loreminder
  9121 | D:9      | Found a runed translucent door.
  9326 | D:9      | Reached XP level 11. HP: 14/61 MP: 10/25
  9576 | D:9      | Found a roughly hewn altar of Beogh.
  9673 | D:10     | Entered Level 10 of the Dungeon
  9809 | D:10     | Found Tyvekhlown's Antique Weapon Shop.
  9843 | D:10     | HP: 1/61 [vampire mosquito (12)]
  9843 | D:10     | Slain by a killer bee

Levels and vault maps discovered:
D:1:      dpeg_arrival_triangle_fractal, layout_basic, corexii_leaking_fountain,
          minmay_tripent
D:2:      layout_loops_ring, first_ration, minmay_misc_feat_square,
          minmay_cupped, uniq_terence
D:3:      layout_basic, old_standard_altar
D:4:      layout_loops_ring, minmay_temple_entry_nine_rooms, uniq_grinder
D:5:      layout_loops_ring, ashenzari_conservatory_becter,
          ebering_ghost_sewer_d, basic_altar, serial_shops, shop
D:6:      layout_rooms, nicolae_tso_besieged_by_evil, okawaru_trees_1
D:7:      layout_loops_ring, bloody_trog, overflow_temple_1_default,
          overflow_temple_1_default, minmay_misc_feat_plants,
          corexii_corridor_pit
D:8:      layout_loops_ring, grunt_temple_overflow_gold_and_silver,
          lemuel_coloured_pillars_altar, david_lair_shrubbed,
          blue_anna_alchemist [blue_anna_fruit_fields, blue_anna_fruit_fields],
          uniq_erica
D:9:      layout_rooms, gammafunk_temple_overflow_pools, orc_0_dummy,
          lightli_church_of_beogh
D:10:     layout_irregular_city, serial_shops, shop, nicolae_shop_behind_doors,
          tgw_fedhas
Temple:   minmay_temple_curvy_loop

Skill      XL: |  1  2  3  4  5  6  7  8  9 10 |
---------------+-------------------------------+-----
Spellcasting   | 3 4 5 6 7 9 10 | 10.8
Conjurations   | 2 3 4 5 6 8 |  8.3
Fire Magic     | 4 5 6 7 8 |  8.9
Dodging        | |  2.0
Stealth        | |  2.6

Action                   |  1- 3 |  4- 6 |  7- 9 | 10-12 || total
-------------------------+-------+-------+-------+-------++-------
Melee: Unarmed           |     1 |       |       |       ||     1
       Whip              |     5 |     7 |    47 |       ||    59
       Constrict         |     1 |     4 |    15 |    12 ||    32
       Tentacles         |     1 |     2 |    16 |    13 ||    32
       Falchion          |       |       |    17 |    39 ||    56
Throw: Dart              |       |       |       |    23 ||    23
 Cast: Foxfire           |    51 |    54 |   167 |    84 ||   356
       Sticky Flame      |       |     2 |    33 |    22 ||    57
       Fireball          |       |       |     1 |       ||     1
       Conjure Flame     |       |       |       |     3 ||     3
Evoke: Wand              |       |       |    14 |       ||    14
  Use: Scroll            |       |       |    18 |       ||    18
       Potion            |       |       |     4 |       ||     4
 Stab: Sleeping          |       |       |     2 |     1 ||     3
  Eat: Chunk             |     3 |     3 |    16 |     7 ||    29
       Ration            |       |     1 |       |       ||     1
Armor: Skin              |     2 |     2 |    47 |     4 ||    55
Dodge: Dodged            |    29 |    16 |   137 |    68 ||   250
       Rpst.: Falchion   |       |       |    13 |    27 ||    40

Table legend:
 A = Non-vault XP
 B = Vault XP
 C = Vault XP percentage of total XP
 D = Non-vault monster count
 E = Vault monster count
 F = Vault count percentage of total count
                 A         B        C        D         E       F
            +---------+---------+-------+---------+---------+-------
      Total |    7290 |    2299 |  24.0 |     178 |      36 |  16.8
            +---------+---------+-------+---------+---------+-------
        D:1 |      53 |       4 |   7.0 |      27 |       2 |   6.9
        D:2 |      90 |      38 |  29.7 |      10 |       2 |  16.7
        D:3 |      28 |       0 |   0.0 |       9 |       0 |   0.0
        D:4 |     193 |     295 |  60.5 |       8 |       1 |  11.1
        D:5 |     307 |     109 |  26.2 |      17 |       2 |  10.5
        D:6 |     526 |      24 |   4.4 |      12 |      14 |  53.8
        D:7 |     959 |       0 |   0.0 |      30 |       0 |   0.0
        D:8 |    1749 |    1376 |  44.0 |      23 |       3 |  11.5
        D:9 |    3063 |     453 |  12.9 |      33 |      12 |  26.7
       D:10 |     322 |       0 |   0.0 |       9 |       0 |   0.0
            +---------+---------+-------+---------+---------+-------
